AoeStats
← adbailey121

Black Forest

510280598Analyzed
4v4 RM · 2d ago on Sep 30, 2026· 46m 6s· 8 players
Game mode
Random Map
Map size
Large (8 player)
Population
200
Speed
Normal
Resources
Standard
Victory
Conquest
Starting age
Dark Age
Ending age
Imperial Age
RankedLock teamsTeams togetherTeam positionsShared explorationLock speedFull tech treeHidden civsTurbo modeCheats
Victory
Defeat
🇨🇿 Celts · Czechia
883
+12
🇦🇷 Japanese · Argentina
864
+13
🇮🇩 Magyars · Indonesia
836
+14
🇹🇷 Turks · Türkiye
802
+16
🇦🇺 Franks · Australia
900
-18
🇦🇺 Chinese · Australia
822
-15
🇦🇺 Persians · Australia
760
-12
🇦🇺 Malay · Australia
704
-10
GibranRakatiwing
0:28 Loom
11:40 Feudal Age
12:48 Double-Bit Axe
15:00 Horse Collar
16:32 Bloodlines
17:52 Wheelbarrow
18:10 Gold Mining
18:35 Stone Mining
22:47 Scale Barding Armor
26:41 Castle Age
26:44 Light Cavalry
27:25 Husbandry
27:50 Chain Barding Armor
35:05 Heavy Plow
35:42 Gold Shaft Mining
35:32 Bow Saw
36:51 Town Watch
37:58 Hand Cart
40:14 Imperial Age
38:02 Fervor
38:14 Sanctity
38:00 Devotion
38:21 Caravan
38:52 Coinage
38:57 Town Patrol
42:31 Plate Barding Armor
43:13 Crop Rotation
42:59 Cavalier
45:15 Conscription
trieukhom
0:30 Loom
15:14 Feudal Age
16:56 Double-Bit Axe
17:54 Wheelbarrow
19:15 Fishing Lines
27:35 Castle Age
30:01 Squires
29:47 Arson
29:26 Pikeman
30:29 Forging
30:20 Scale Mail Armor
30:29 Gillnets
31:33 Bow Saw
31:18 Horse Collar
31:38 Treadmill Crane
31:58 Murder Holes
32:42 Hand Cart
32:38 Gold Mining
33:43 Iron Casting
33:24 Chain Mail Armor
33:15 Heavy Plow
33:08 Stone Mining
34:02 Gold Shaft Mining
38:25 Imperial Age
39:02 Caravan
40:31 Conscription
39:32 Elite Samurai
41:49 Plate Mail Armor
42:41 Blast Furnace
43:25 Elite Skirmisher
45:54 Siege Engineers
46:12 Ballistics
45:46 Fletching
45:57 Padded Archer Armor
45:23 Halberdier
Bc. .
0:27 Loom
12:42 Feudal Age
14:02 Double-Bit Axe
16:53 Castle Age
14:41 Horse Collar
20:16 Heavy Plow
20:30 Bow Saw
30:11 Imperial Age
27:36 Fletching
28:30 Heavy Plow
30:06 Fortified Wall
31:24 Wheelbarrow
30:36 Town Watch
31:17 Forging
31:08 Scale Mail Armor
31:04 Bodkin Arrow
31:06 Onager
31:36 Man-at-Arms
32:04 Gambesons
32:15 Gold Mining
32:53 Chain Mail Armor
33:43 Long Swordsman
34:15 Arson
35:09 Iron Casting
35:06 Plate Mail Armor
34:34 Two-Handed Swordsman
35:25 Caravan
36:09 Champion
37:54 Blast Furnace
37:14 Siege Onager
38:24 Pikeman
39:43 Halberdier
40:47 Furor Celtica
parla
0:28 Loom
16:29 Feudal Age
17:33 Double-Bit Axe
17:40 Gold Mining
19:30 Stone Mining
20:31 Wheelbarrow
22:02 Fishing Lines
26:18 Castle Age
28:09 Caravan
28:16 Gillnets
28:31 Town Watch
28:49 Padded Archer Armor
31:30 Gold Shaft Mining
31:12 Bow Saw
34:51 Imperial Age
32:16 Fletching
33:17 Murder Holes
35:17 Hand Cart
35:36 Leather Archer Armor
35:37 Horse Collar
37:39 Conscription
38:16 Artillery
39:13 Ring Archer Armor
Danielraven91
1:00 Loom
12:49 Feudal Age
17:25 Castle Age
15:56 Double-Bit Axe
16:01 Horse Collar
18:40 Wheelbarrow
20:22 Stone Mining
25:28 Bow Saw
29:08 Pikeman
33:52 Imperial Age
31:45 Squires
32:46 Forging
34:31 Cavalier
35:13 Husbandry
35:47 Hand Cart
35:21 Town Watch
36:32 Iron Casting
35:58 Scale Mail Armor
36:04 Scale Barding Armor
38:07 Savar
38:56 Fletching
39:07 Padded Archer Armor
39:57 Halberdier
40:23 Arson
41:55 Chain Barding Armor
42:39 Blast Furnace
41:56 Chain Mail Armor
42:08 Ballistics
42:18 Kamandaran
42:02 Elite Skirmisher
42:59 Thumb Ring
42:18 Crossbowman
42:58 Elite War Elephant
44:16 Bodkin Arrow
44:37 Leather Archer Armor
45:50 Chemistry
TheHam
1:03 Loom
11:19 Feudal Age
16:51 Castle Age
14:51 Double-Bit Axe
18:49 Town Watch
21:10 Fishing Lines
22:58 Gillnets
25:58 Wheelbarrow
27:38 Hand Cart
29:12 Husbandry
32:16 Imperial Age
30:05 Gold Mining
30:10 Stone Mining
30:23 Town Patrol
32:08 Ballistics
33:04 Bow Saw
34:00 Fortified Wall
34:51 Chemistry
33:59 Fletching
34:19 Forging
34:15 Scale Barding Armor
34:11 Scale Mail Armor
35:39 Masonry
35:11 Cavalier
37:06 Siege Engineers
37:00 Murder Holes
37:52 Gold Shaft Mining
37:54 Iron Casting
37:40 Chain Barding Armor
37:16 Bodkin Arrow
38:23 Architecture
38:09 Paladin
39:14 Chivalry
39:34 Conscription
39:51 Hoardings
41:24 Blast Furnace
41:00 Plate Barding Armor
40:41 Chain Mail Armor
41:53 Ordonnance Companies
Ladiesman217
0:28 Loom
14:29 Feudal Age
19:52 Castle Age
18:27 Horse Collar
18:36 Double-Bit Axe
32:13 Gold Mining
32:25 Heavy Plow
37:14 Imperial Age
34:30 Pikeman
35:05 Fletching
35:15 Padded Archer Armor
37:06 Wheelbarrow
37:58 Gold Shaft Mining
37:34 Halberdier
38:15 Bodkin Arrow
38:36 Leather Archer Armor
42:44 Forging
42:35 Scale Mail Armor
43:46 Hand Cart
44:25 Bracer
44:56 Ring Archer Armor
adbailey121
0:30 Loom
11:48 Feudal Age
15:01 Wheelbarrow
20:34 Castle Age
18:44 Gold Mining
18:45 Stone Mining
18:51 Double-Bit Axe
18:53 Horse Collar
19:24 Fishing Lines
23:42 Forging
31:18 Fletching
31:30 Padded Archer Armor
36:32 Imperial Age
45:38 Hand Cart
Connection lost

Rejoining the realm…

Still unreachable

The connection could not be restored.

Session expired

The server has moved on; the page needs a fresh start.